 Dungeon Crawl Stone Soup version 0.17-a0-1078-g243345b (webtiles) character file.

59 l0ser140 the Sneak (level 4, -4/24 HPs)
             Began as a Kobold Enchanter on May 19, 2015.
             Slain by an orc
             ... wielding a +0 war axe
              (5 damage)
             ... on level 2 of the Dungeon.
             The game lasted 00:05:47 (2626 turns).

l0ser140 the Sneak (Kobold Enchanter)               Turns: 2626, Time: 00:05:47

Health: -4/24      AC:  5    Str:  6    XL:     4   Next: 22%
Magic:  7/7        EV: 15    Int: 14    God:
Gold:   126        SH:  0    Dex: 16    Spells: 1 memorised, 6 levels left

rFire  . . .     SeeInvis .     a - +1 dagger
rCold  . . .     Clarity  .     b - +1 robe
rNeg   . . .     SustAb   .     (shield restricted)
rPois  .         Gourm    .     (no helmet)
rElec  .         Spirit   .     (no cloak)
rCorr  .         Warding  .     (no gloves)
rMut   .         Stasis   .     (no boots)
MR     .....                    (no amulet)
Stlth  +++.......               (no ring)
                                n - +2 ring of protection

@: not resistant to hostile enchantments, fairly stealthy
A: carnivore 3
a: no special abilities


You were on level 2 of the Dungeon.
You were full.

You visited 1 branch of the dungeon, and saw 3 of its levels.

You collected 126 gold pieces.

Inventory:

Hand weapons
 a - a +1 dagger (weapon)
Armour
 b - a +1 robe (worn)
Jewellery
 n - a +2 ring of protection (left hand)
   (You found it on level 1 of the Dungeon)
 r - a +5 ring of protection
   (You found it on level 1 of the Dungeon)
 t - a cursed -3 ring of slaying {unknown}
   (You found it on level 2 of the Dungeon)
Scrolls
 f - 3 scrolls of identify {unknown}
 g - a scroll of random uselessness {unknown}
 h - a scroll of immolation {unknown}
 j - a scroll of amnesia {unknown}
 k - 2 scrolls of magic mapping {unknown}
 m - a scroll of enchant weapon {unknown}
 p - a scroll of enchant armour {unknown}
 q - a scroll of teleportation {unknown}
 s - a scroll of blinking {unknown}
 v - a scroll of remove curse {unknown}
Potions
 e - 2 potions of agility {unknown}
 i - a potion of might {unknown}
 o - 2 potions of heal wounds {unknown}
 u - a potion of cancellation {unknown}
Books
 c - a book of Maledictions

   Spells                             Type                      Level
   a - Corona                         Hexes                        1
   b - Ensorcelled Hibernation        Hexes/Ice                    2
   c - Confuse                        Hexes                        3
   d - Tukima's Dance                 Hexes                        3
   e - Dazzling Spray                 Conjuration/Hexes            3
Comestibles
 d - 2 meat rations
 l - a royal jelly


   Skills:
 - Level 1.3 Short Blades
 - Level 2.4 Dodging
 + Level 5.3 Stealth
 - Level 2.0 Spellcasting
 + Level 4.1 Hexes


You had 6 spell levels left.
You knew the following spells:

 Your Spells              Type           Power        Failure   Level  Hunger
y - Corona                Hex            ##.....      4%          1    ##.....


Dungeon Overview and Level Annotations

Branches:
Dungeon (3/15)

Altars:


Innate Abilities, Weirdness & Mutations

You are small and have problems with some larger weapons.
You are carnivorous and can eat meat at any time.


Message History

The orc wizard shouts!
The orc shouts!
The orc shouts!
The orc hits you but does no damage.
The orc wizard hits you but does no damage.
The orc barely misses you.
Found a scroll labeled IQONAI YKHLAEM.
There is a stone staircase leading up here.
The orc wizard closely misses you. The orc hits you with a war axe!
You climb upwards.
There is a stone staircase leading down here.
Huge Dmg: -45%(-11hp) hp: 55%(13hp) Read which item? (? for menu, Esc to quit)
Okay, then.
You hit the orc.
The orc is severely wounded.
The orc misses you. The orc wizard barely misses you.
You hit the orc but do no damage.
The orc is severely wounded.
The orc barely misses you. The orc hits you but does no damage.
The orc wizard hits you but does no damage.
You hit the orc but do no damage.
The orc is severely wounded.
The orc hits you but does no damage. The orc hits you with a war axe!
* * * LOW HITPOINT WARNING * * *
The orc wizard closely misses you.
Huge Dmg: -38%(-9hp) hp: 17%(4hp)
You hit the orc but do no damage.
The orc is severely wounded.
The orc closely misses you. The orc hits you but does no damage.
The orc wizard barely misses you.
You closely miss the orc.
The orc is severely wounded.
The orc barely misses you. The orc wizard closely misses you.
You hit the orc but do no damage.
The orc is severely wounded.
The orc misses you. The orc hits you with a whip.
* * * LOW HITPOINT WARNING * * *
The orc wizard hits you with a dagger.
* * * LOW HITPOINT WARNING * * *
Huge Dmg: -8%(-2hp) hp: 9%(2hp)
You closely miss the orc.
The orc is severely wounded.
The orc misses you. The orc hits you with a whip.
* * * LOW HITPOINT WARNING * * *
The orc wizard completely misses you.
Huge Dmg: -4%(-1hp) hp: 5%(1hp) Unknown command.
You hit the orc but do no damage.
The orc is severely wounded.
The orc hits you with a war axe.
You die...

#.##..###.#.#.#.##......######
#.###.#.....#.#...............
#.###.#.....#.#.####.#...#####
#........)..#.#.# #......##
#####.#.....#.#.####......&#
#.#.....#..............#
#.###.#####.####.......#
#.###...o.#.####.......###
#.......oKo...............
##########################


You could see an orc wizard and 2 orcs.

Vanquished Creatures
  An adder (D:2)
  2 oozes (D:2)
  2 worms (D:2)
  3 giant cockroaches (D:2)
  2 goblins (D:2)
  6 hobgoblins (D:1 D:2)
  5 jackals (D:2 D:1)
  A kobold (D:2)
  6 bats (D:1 D:2)
  3 giant newts (D:1 D:2)
  3 rats (D:1 D:2)
34 creatures vanquished.

Notes
Turn   | Place    | Note
--------------------------------------------------------------
     0 | D:1      | l0ser140 the Kobold Enchanter began the quest for the Orb.
     0 | D:1      | Reached XP level 1. HP: 10/10 MP: 3/3
   131 | D:1      | Huge Dmg: 2 Dmg
   320 | D:1      | Huge Dmg: 5 Dmg
   323 | D:1      | Reached XP level 2. HP: 4/15 MP: 5/5
   834 | D:2      | Huge Dmg: 4 Dmg
  1041 | D:2      | Reached XP level 3. HP: 19/19 MP: 6/6
  1053 | D:2      | Huge Dmg: 6 Dmg
  1565 | D:2      | Huge Dmg: 8 Dmg
  1756 | D:1      | Reached skill level 5 in Stealth
  1830 | D:2      | Reached skill level 4 in Hexes
  1847 | D:2      | Huge Dmg: 5 Dmg
  1960 | D:2      | Huge Dmg: 10 Dmg
  1997 | D:2      | Reached XP level 4. HP: 13/24 MP: 7/7
  2154 | D:2      | Huge Dmg: 6 Dmg
  2297 | D:2      | Huge Dmg: 7 Dmg
  2312 | D:2      | Huge Dmg: 3 Dmg
  2619 | D:2      | Huge Dmg: 11 Dmg
  2622 | D:2      | Huge Dmg: 9 Dmg
  2625 | D:2      | Huge Dmg: 2 Dmg
  2625 | D:2      | HP: 1/24 [orc/whip (1)]
  2626 | D:2      | Huge Dmg: 1 Dmg
  2626 | D:2      | Slain by an orc

Vault maps used:
D:1:      onia_arrival_pyramid
D:2:      minmay_misc_feat_square
D:3:      fountainhead

Action                   |  1- 3 |  4- 6 || total
-------------------------+-------+-------++-------
Melee: Dagger            |   168 |    52 ||   220
 Stab: Sleeping          |     3 |       ||     3
  Eat: Chunk             |     5 |     6 ||    11

Vault maps used:
D:1:      onia_arrival_pyramid
D:2:      minmay_misc_feat_square
D:3:      fountainhead
